 Dungeon Crawl Stone Soup version 0.24.0-125-gc4c63601f3 (webtiles) character file.

Game seed: 782993962169171611, levelgen mode: deterministic

58 BuffBuff the Chopper (level 3, -3/33 HPs)
             Began as a Minotaur Berserker on Mar 17, 2020.
             Was a Believer of Trog.
             Slain by Grinder (5 damage)
             ... on level 3 of the Dungeon.
             The game lasted 00:04:46 (2116 turns).

BuffBuff the Chopper (Minotaur Berserker)           Turns: 2116, Time: 00:04:46

Health: -3/33      AC:  3    Str: 22    XL:     3   Next: 75%
Magic:  2/2        EV:  9    Int:  4    God:    Trog [**....]
Gold:   156        SH:  7    Dex:  9    Spells: 2/2 levels left

rFire    . . .     SeeInvis .   a - +0 hand axe
rCold    . . .     Gourm    .   o - +0 shield
rNeg     . . .     Faith    .   b - +0 animal skin
rPois    .         Spirit   .   l - +0 hat
rElec    .         Reflect  .   g - +0 cloak
rCorr    .         Harm     .   (no gloves)
MR       .....                  (no boots)
Stlth    +.........             (no amulet)
HPRegen  0.11/turn              (no ring)
MPRegen  0.08/turn              (no ring)

@: berserk cooldown, slowed, very slow
A: retaliatory headbutt, horns 2
a: Berserk, Trog's Hand, Renounce Religion


You were on level 3 of the Dungeon.
You worshipped Trog.
Trog was pleased with you.
You were hungry.

You visited 1 branch of the dungeon, and saw 3 of its levels.

You collected 156 gold pieces.

Inventory:

Hand Weapons
 a - a +0 hand axe (weapon)
Armour
 b - a +0 animal skin (worn)
 g - a +0 cloak (worn)
 l - a +0 hat (worn)
 o - a +0 shield (worn)
Scrolls
 d - a scroll of immolation {unknown}
 e - a scroll of identify {unknown}
 f - 2 scrolls of teleportation {unknown}
 h - 2 scrolls of magic mapping {unknown}
 k - 3 scrolls of remove curse {unknown}
Potions
 i - a potion of lignification {unknown}
 j - 2 potions of brilliance {unknown}
 n - a potion of heal wounds {unknown}
 p - a potion of curing {unknown}
 q - a potion of might {unknown}
 r - a potion of degeneration {unknown}
Comestibles
 c - 6 rations
 m - 3 chunks of flesh


   Skills:
 + Level 4.1 Fighting
 * Level 4.6 Axes
 + Level 3.1 Armour
 - Level 2.7 Dodging
 + Level 0.1 Shields


You had 2 spell levels left.
You didn't know any spells.
Your spell library was empty.

Dungeon Overview and Level Annotations

Branches:
Dungeon (3/15)

Altars:
Uskayaw

Annotations:
D:3 Grinder


Innate Abilities, Weirdness & Mutations

You reflexively headbutt those who attack you in melee.
You have a pair of horns on your head.


Message History

Grinder zaps a wand.
The puff of flame hits you.
You closely miss Grinder. You headbutt Grinder.
Grinder is lightly wounded.
Grinder blinks!
You hit Grinder.
Grinder is lightly wounded.
Grinder gestures at you.
You suddenly lose the ability to move!
Grinder hits you!
You writhe in agony.
Grinder zaps a wand.
The puff of flame hits you!
You are no longer berserk.
You feel yourself slow down.
Grinder zaps a wand.
The puff of flame hits you!
You can move again.
You hit Grinder.
Grinder is moderately wounded.
Grinder blinks!
Grinder blinks!
Grinder hits you!
* * * LOW HITPOINT WARNING * * *
You writhe in agony.
You die...

##########
#........###
##.#####.#..
###.#####.#.#
#.......#.#.#
#.......#.#.#
#.#
#...5@.ยง#.#.#
#.#
###+#####.#.####
#.# #......# #.#
#######.##.# #.#
#.......##.# #.#
#.########.# #.#
######.#####..
..........)....
...............


You could see Grinder.

Vanquished Creatures
  An adder (D:2)
  2 oozes (D:1)
  2 dart slugs (D:2)
  2 leopard geckos (D:2)
  2 ball pythons (D:2)
  A bat (D:2)
  6 goblins
  2 hobgoblins (D:1)
  3 jackals (D:1)
  3 kobolds
  3 frilled lizards
  7 rats
34 creatures vanquished.

Notes
Turn   | Place    | Note
-------+----------+-------------------------------------------
     0 | D:1      | BuffBuff the Minotaur Berserker began the quest for the
                  | Orb.
     0 | D:1      | Reached XP level 1. HP: 19/19 MP: 0/0
   232 | D:1      | Reached XP level 2. HP: 24/27 MP: 1/1
  1241 | D:2      | Reached XP level 3. HP: 28/33 MP: 2/2
  1505 | D:2      | Found a faded altar of an unknown god.
  1660 | D:2      | Found a hide-covered altar of Uskayaw.
  1680 | D:2      | Reached ** piety under Trog
  2105 | D:3      | Noticed Grinder
  2111 | D:3      | Paralysed by Grinder for 3 turns
  2116 | D:3      | Slain by Grinder

Levels and vault maps discovered:
D:1:      erik_arrival_gehennom, layout_basic
D:2:      layout_loops_corners, lemuel_round_altar,
          chequers_ecumenical_altar_simple, first_ration
D:3:      layout_basic, lemuel_round_altar, gammafunk_temple_overflow_pools,
          gammafunk_ghost_grave, uniq_grinder

Skill      XL: |  1  2  3 |
---------------+----------+-----
Axes           | 4 |  4.6
Fighting       | 4 |  4.1
Armour         | 3 |  3.1
Dodging        | |  2.7
Shields        | |  0.1

Action                   || total
-------------------------++-------
Melee: Hand axe          ||    70
       Headbutt          ||    13
Invok: Berserk           ||     2
  Eat: Chunk             ||     5
Armor: Animal skin       ||    11
Dodge: Dodged            ||    33
Block: Shield            ||     4
